 Dungeon Crawl Stone Soup version 0.30.1-4-g462c640d31 (webtiles) character file.

Game seed: 6947760745007712922

56 Kurtz the Chopper (level 3, -2/23 HPs)
             Began as a Tengu Fighter on Sept 16, 2023.
             Slain by a water moccasin (6 damage)
             ... on level 3 of the Dungeon.
             The game lasted 00:01:28 (1453 turns).

Kurtz the Chopper (Tengu Fighter)                   Turns: 1453, Time: 00:01:29

Health: -2/23      AC:  6    Str: 18    XL:     3   Next: 95%
Magic:  4/4        EV:  9    Int:  8    God:
Gold:   60         SH:  4    Dex: 13    Spells: 2/2 levels left

rFire   . . .        a - +0 war axe
rCold   . . .        c - +0 buckler
rNeg    . . .        b - +0 scale mail
rPois   +            (helmet restricted)
rElec   .            (no cloak)
rCorr   .            (no gloves)
SInv    .            (boots unavailable)
Will    .....        (no amulet) Stlth
                     e - ring of poison resistance
HPRegen 0.23/turn    (no ring)
MPRegen 0.09/turn

%: no passive effects
@: mighty, lethally poisoned (-2 -> -8)
A: beak, talons 3
a: no special abilities


You were on level 3 of the Dungeon.
You visited 1 branch of the dungeon, and saw 3 of its levels.

You collected 60 gold pieces.

Inventory:

Hand Weapons
 a - a +0 war axe (weapon)
Armour
 b - a +0 scale mail (worn)
 c - a +0 buckler (worn)
Jewellery
 e - a ring of poison resistance (left hand)
Scrolls
 f - a scroll of immolation {unknown}
 i - a scroll of poison {unknown}
 j - a scroll of identify {unknown}
Potions
 g - a potion of magic {unknown}
 h - a potion of heal wounds {unknown}


   Skills:
 - Level 3.0 Fighting
 * Level 4.5 Axes
 - Level 3.2 Armour
 - Level 3.0 Shields


You had 2 spell levels left.
You didn't know any spells.
Your spell library contained the following spells:

 Spells                   Type           Power      Damage    Failure   Level
 Ensorcelled Hibernation  Hex/Ice        0%         N/A       95%         2
 Spider Form              Tmut/Pois      0%         N/A       99%         3
 Anguish                  Hex/Necr       0%         N/A       100%        4


Dungeon Overview and Level Annotations

Branches:
Dungeon (3/15)

Altars:

Shops:
D:1 *

Annotations:
D:2 Sigmund


Innate Abilities, Weirdness & Mutations

You have a beak for a mouth.
You have claws for feet.


Message History

You barely miss the ball python. Your peck misses the ball python.
The ball python bites you but does no damage.
The ball python constricts you.
You barely miss the ball python. Your kick misses the ball python.
You block the ball python's attack. The ball python constricts you.
The ball python barely misses you. The ball python constricts you.
You closely miss the ball python. You claw the ball python.
You kill the ball python!
You see here a ball python corpse.
You see here a ball python corpse.
You now have 60 gold pieces (gained 3).
e - a ring of poison resistance (left hand)
A water moccasin is nearby!
A water moccasin is nearby!
No reachable target in view!
Why would you want to do that? Why would you want to do that?
Why would you want to do that?
You slash the water moccasin! Your kick misses the water moccasin.
The water moccasin is moderately wounded.
The water moccasin barely misses you. The water moccasin bites you.
You are poisoned.
The water moccasin poisons you!
You barely miss the water moccasin. Your kick misses the water moccasin.
You peck the water moccasin.
The water moccasin is heavily wounded.
You feel very sick. The water moccasin misses you.
The water moccasin bites you!
You hit the water moccasin.
The water moccasin is severely wounded.
You feel very sick. The water moccasin bites you.
* * * LOW HITPOINT WARNING * * *
The water moccasin barely misses you.
You are too injured to fight recklessly!
Unknown command.
You feel very mighty all of a sudden.
* * * LOW HITPOINT WARNING * * *
You feel sick. The water moccasin bites you.
You die...

..#......#
#......#...†...#
#####.####
##.............#
#.############'########
#.##≈≈≈≈§≈§≈≈≈.§#
#..+......†.§§§§#
#.##≈.§≈≈§§§§≈§≈#
#.##≈§§..§§§.§§§#
.##§§≈.≈§§≈.≈.§#
#≈.≈§§=≈≈@§.≈#
#≈.≈.≈.≈§S≈.§#
#≈.≈.≈....§.≈#
#≈.§.§§≈§≈≈.≈#
#§§§§........+
#§§≈§≈≈≈§≈≈≈§#
##+###########


You could see a water moccasin.

Vanquished Creatures
  An adder (D:3)
  5 ball pythons
  4 bats
  6 endoplasms
  3 giant cockroaches (D:1)
  4 goblins (D:1)
  6 hobgoblins
  A quokka (D:1)
  A frilled lizard (D:1)
  6 kobolds
  5 rats
42 creatures vanquished.

Notes
Turn   | Place    | Note
-------+----------+-------------------------------------------
     0 | D:1      | Kurtz the Tengu Fighter began the quest for the Orb.
     0 | D:1      | Reached XP level 1. HP: 14/14 MP: 2/2
    52 | D:1      | Found Zobiw's General Store.
    61 | D:1      | Reached XP level 2. HP: 19/19 MP: 3/3
   134 | D:1      | Reached skill level 3 in Axes
   249 | D:1      | Reached XP level 3. HP: 23/23 MP: 4/4
   685 | D:1      | Reached skill level 4 in Axes
  1246 | D:2      | Noticed Sigmund
  1386 | D:3      | Noticed a water moccasin
  1453 | D:3      | Slain by a water moccasin

Illustrated notes

Levels and vault maps discovered:
D:1:      minmay_arrival_up_and_down, layout_basic, serial_shops,
          nicolae_square_shop
D:2:      layout_loops_cross, uniq_sigmund
D:3:      layout_basic, kennysheep_small_spiral

Skill      XL: |  1  2  3 |
---------------+----------+-----
Axes           | 3 4 |  4.5
Fighting       | |  3.0
Armour         | |  3.2
Shields        | |  3.0

Action                     || total
---------------------------++-------
  Melee: War axe           ||    78
         Peck              ||     8
         Kick              ||    17
    Use: Potion            ||     1
 Armour: Scale mail        ||    27
  Dodge: Dodged            ||    36
  Block: Buckler           ||    14
